 Dungeon Crawl Stone Soup version 0.30.0-19-g36f170ea60 (webtiles) character file.

Game seed: 12549622771509060513

8659 cheesebisquit the Grappler (level 11, 0/90 HPs)
             Began as a Troll Warper on May 28, 2023.
             Was a Priest of Hepliaklqana.
             Slain by a cyclops (4 damage)
             ... on level 10 of the Dungeon.
             The game lasted 00:34:02 (8653 turns).

cheesebisquit the Grappler (Troll Warper)           Turns: 8653, Time: 00:34:03

Health: 0/90       AC: 12    Str: 21    XL:     11   Next: 12%
Magic:  0/14       EV:  9    Int: 13    God:    Hepliaklqana [***...]
Gold:   845        SH:  8    Dex:  9    Spells: 1/16 levels left

rFire   . .          .
                       - Unarmed
rCold   . . .        E - +0 kite shield
rNeg    . . .        s - +1 steam dragon scales
rPois   .            (helmet restricted)
rElec   .            o - +2 cloak
rCorr   .            (gloves unavailable)
SInv    .            (boots unavailable)
Will    .....        m - amulet of guardian spirit
Stlth   ++           (no ring)
HPRegen 1.15/turn    (no ring)
MPRegen 0.14/turn

%: guardian spirit
@: on berserk cooldown, slowed, very slow
A: reduced essence, large, unfitting armour, claws 3, regeneration 1, shaggy fur
1, tough skin 1
a: Renounce Religion, Recall Ancestor, Ancestor Identity, Transference


You were on level 10 of the Dungeon.
You worshipped Hepliaklqana.
Hepliaklqana was most pleased with you.
You visited 2 branches of the dungeon, and saw 11 of its levels.

You collected 845 gold pieces.

Inventory:

Hand Weapons
 P - a +5 eveningstar
Missiles
 c - 7 boomerangs of dispersal
 i - 9 boomerangs
 p - 13 poisoned darts (quivered)
 t - 12 javelins
 y - 2 atropa-tipped darts
Armour
 o - a +2 cloak (worn)
 s - +1 steam dragon scales (worn)
 E - a +0 kite shield (worn)
Jewellery
 m - an amulet of guardian spirit (around neck)
Wands
 w - a wand of flame (34)
 I - a wand of light (4)
 J - a wand of polymorph (9)
 K - a wand of digging (5)
 M - a wand of paralysis (6)
Scrolls
 a - a scroll of brand weapon {unknown}
 b - a scroll of blinking
 e - a scroll of torment {unknown}
 f - 2 scrolls of teleportation
 g - a scroll of vulnerability {unknown}
 h - 2 scrolls of amnesia
 k - 3 scrolls of magic mapping
 l - a scroll of immolation {unknown}
 n - a scroll of acquirement {unknown}
 x - a scroll of poison
 B - a scroll of fear {unknown}
 C - a scroll of silence {unknown}
 D - 2 scrolls of enchant weapon {unknown}
 N - a scroll of fog
Potions
 d - 4 potions of mutation
 j - 5 potions of lignification
 q - 6 potions of brilliance
 r - 2 potions of resistance
 u - a potion of cancellation
 A - 3 potions of ambrosia
 G - a potion of degeneration {unknown}
 H - 3 potions of attraction {unknown}
 L - a potion of flight {unknown}
 O - a potion of might {unknown}


   Skills:
 + Level 4.8 Fighting
 + Level 4.8 Throwing
 + Level 4.2 Armour
 + Level 4.8 Dodging
 + Level 3.1 Stealth
 + Level 3.5 Shields
 * Level 8.0 Unarmed Combat
 - Level 3.0 Spellcasting
 + Level 4.7 Translocations
 + Level 3.1 Air Magic
 + Level 2.3 Invocations


You had one spell level left.
You knew the following spells:

 Your Spells              Type           Power      Damage    Failure   Level
a - Blink                 Tloc           28%        N/A       12%         2
b - Lesser Beckoning      Tloc           28%        N/A       12%         2
c - Teleport Other        Tloc           14%        N/A       24%         3
d - Vhi's Electric Charg  Tloc/Air       24%        N/A       32%         3
e - Apportation           Tloc           28%        N/A       8%          1
f - Manifold Assault      Tloc           14%        N/A       61%         4

Your spell library contained the following spells:

 Spells                   Type           Power      Damage    Failure   Level
 Necrotise                Necr           4%         1d4       47%         1
 Summon Small Mammal      Summ           4%         N/A       47%         1
 Sublimation of Blood     Necr           1%         N/A       63%         2
 Wereblood                Tmut           1%         N/A       63%         2
 Cause Fear               Hex            0%         N/A       99%         4
 Dragon Form              Tmut           0%         N/A       100%        7
 Summon Hydra             Summ           0%         N/A       100%        7
 Dragon's Call            Summ           0%         N/A       100%        9


Dungeon Overview and Level Annotations

Branches:
Dungeon (10/15)            Temple (1/1) D:4             Orc (0/2) D:9
   Lair: D:8-11

Altars:
Ashenzari
Cheibriados
Dithmenos
Elyvilon
Fedhas
Gozag
Hepliaklqana
Kikubaaqudgha
Makhleb
Nemelex Xobeh
Okawaru
Qazlal
Ru
Sif Muna
Trog
Uskayaw
Vehumet
Wu Jian
Xom
Yredelemnul
Zin
The Shining One

Annotations:
D:8 2 transporters, cdecastro's ghost, novice DEHW


Innate Abilities, Weirdness & Mutations

Your life essence is reduced to manifest your ancestor. (-10% HP)
You are too large for most types of armour.
You have claws for hands.
Your natural rate of healing is unusually fast.
You are covered in fur. (AC +1)
You have tough skin. (AC +1)


Message History

You block the tengu conjurer's attack.
You hear an angry hiss.
You scratch the tengu conjurer.
You kill the tengu conjurer!
The battlesphere dissipates.
Something hits you!
Your Unarmed Combat skill increases to level 8!
You are no longer berserk.
You are exhausted.
You feel yourself slow down.
You claw the orc!
You kill the orc!
Something hits you.
The cyclops throws a large rock.
The large rock barely misses you.
The large rock completely misses Kammani.
Kammani casts a spell next to you. Something hits you!
* * * LOW HITPOINT WARNING * * *
The cyclops throws a large rock.
The large rock hits you!
* * * LOW HITPOINT WARNING * * *
A water moccasin comes into view.
You mangle something!!
Reactivating autopickup.
You feel a bit more experienced. Something hits you.
* * * LOW HITPOINT WARNING * * *
Deactivating autopickup; reactivate with Ctrl-A.
The orc wizard casts a spell.
The orc wizard flickers and vanishes!
You mangle the cyclops!!
The cyclops is heavily wounded.
You feel yourself slow down.
Kammani points at the cyclops and mumbles some strange words.
The cyclops appears confused.
You scratch the cyclops but do no damage.
The cyclops is heavily wounded.
Something hits you!
* * * LOW HITPOINT WARNING * * *
The cyclops barely misses you.
The cyclops screams, "I'll kill you anyway!"
The cyclops hits you.
You die...

#.#######.#####.#
#.# ##..# #.# #.#
#...#####[## #.#
#..........# #.#
#..#######.# #.#
#..#.#.#.#.###
#.#
#..#^^^^^#...#
#.{#########.#
#.SC@R...+=#.#
#..#########.#
#..#^^^^^#...#
#..#.#.#.#.###
#..#######.#
#....[.....#
#........###
##########


You could see the friendly Kammani the hexer, a cyclops (confused, ally target)
and a water moccasin.

Vanquished Creatures
  A tengu warrior (D:10)
  A cyclops (D:10)
  Maggie (D:7)
  A tengu conjurer (D:10)
  A wyvern (D:10)
  3 vampire mosquitoes (D:9)
  Menkaure (D:5)
  Edmund (D:4)
  3 water moccasins (D:10)
  6 orc warriors
  A sky beast (D:6)
  3 ice beasts
  5 black bears
  A phantom (D:4)
  3 centaurs
  A kobold brigand (D:8)
  2 bullfrogs
  A gnoll sergeant (D:10)
  3 scorpions
  16 wights
  5 killer bees
  2 howler monkeys (D:7)
  A hound (D:6)
  A jelly (D:6)
  A gnoll bouda (D:7)
  6 orc priests
  2 iguanas
  Jessica (D:2)
  2 sleepcaps
  6 orc wizards
  A mummy (D:6)
  Robin (D:2)
  11 adders
  4 gnolls (D:10)
  A shadow imp (D:7)
  A white imp (D:7)
  2 ufetubi
  2 worms
  24 orcs
  7 bats
  5 endoplasms
  A giant cockroach (D:2)
  25 goblins
  15 hobgoblins
  4 jackals (D:3)
  12 kobolds
  6 quokkas
  6 ball pythons
  6 frilled lizards
  A kobold zombie (D:6)
  7 rats
  A butterfly (D:4)
225 creatures vanquished.

Vanquished Creatures (collateral kills)
  Urug (D:10)
  A vampire (D:10)
  A wyvern (D:9)
  2 water moccasins
  2 sky beasts (D:7)
  A black bear (D:7)
  2 centaurs
  2 wights
  3 killer bees (D:7)
  2 howler monkeys
  An orc priest (D:10)
  4 orc wizards
  An ufetubus (D:5)
  5 orcs
  A hobgoblin (D:9)
  4 kobolds (D:8)
  An orc zombie (D:6)
34 creatures vanquished.

Vanquished Creatures (others)
  A hexer (D:9)
  An ancestor (D:5)
2 creatures vanquished.

Grand Total: 261 creatures vanquished

Notes
Turn   | Place    | Note
-------+----------+-------------------------------------------
     0 | D:1      | cheesebisquit the Troll Warper began the quest for the Orb.
     0 | D:1      | Reached XP level 1. HP: 19/19 MP: 1/1
   153 | D:1      | Reached skill level 1 in Throwing
   163 | D:1      | Reached XP level 2. HP: 27/27 MP: 2/2
   831 | D:1      | Learned a level 2 spell: Blink
   877 | D:2      | Reached XP level 3. HP: 35/35 MP: 4/4
   899 | D:2      | Noticed Robin
   921 | D:2      | Killed Robin
   954 | D:2      | Reached XP level 4. HP: 42/42 MP: 5/5
  1048 | D:2      | Noticed Jessica
  1060 | D:2      | Killed Jessica
  1136 | D:2      | Reached skill level 3 in Unarmed Combat
  1616 | D:3      | Reached XP level 5. HP: 49/49 MP: 6/6
  1620 | D:3      | Reached skill level 1 in Armour
  1703 | D:3      | Found a glowing golden altar of the Shining One.
  2172 | D:4      | Found a staircase to the Ecumenical Temple.
  2226 | Temple   | Entered the Ecumenical Temple
  2447 | Temple   | Became a worshipper of Hepliaklqana the Forgotten
  2480 | D:4      | Reached XP level 6. HP: 58/58 MP: 7/7
  2514 | D:4      | Reached skill level 1 in Stealth
  2771 | D:4      | Noticed Edmund
  2784 | D:4      | Killed Edmund
  2848 | D:4      | Reached skill level 4 in Unarmed Combat
  2848 | D:4      | Reached XP level 7. HP: 66/66 MP: 5/8
  2974 | D:4      | Learned a level 2 spell: Lesser Beckoning
  2978 | D:4      | Learned a level 3 spell: Teleport Other
  2982 | D:4      | Learned a level 3 spell: Vhi's Electric Charge
  3433 | D:5      | Entered Level 5 of the Dungeon
  3460 | D:5      | Reached * piety under Hepliaklqana
  3538 | D:5      | You fall into a shaft and drop 1 floor!
  3609 | D:5      | Noticed Menkaure
  3753 | D:5      | Killed Menkaure
  4474 | D:6      | Found a hide-covered altar of Uskayaw.
  4484 | D:6      | Reached XP level 8. HP: 67/67 MP: 10/10
  4892 | D:6      | Reached skill level 5 in Unarmed Combat
  4892 | D:6      | Reached skill level 1 in Air Magic
  4951 | D:6      | Reached ** piety under Hepliaklqana
  4953 | D:6      | Remembered your ancestor Kammani as a hexer
  5195 | D:7      | Noticed Maggie
  5206 | D:7      | Killed Maggie
  5207 | D:7      | Reached skill level 1 in Shields
  5392 | D:7      | Reached XP level 9. HP: 74/74 MP: 11/11
  5534 | D:7      | Reached skill level 6 in Unarmed Combat
  6136 | D:8      | Reached *** piety under Hepliaklqana
  6196 | D:8      | Found a transporter.
  6204 | D:8      | Noticed a komodo dragon
  6206 | D:8      | Noticed a moth of wrath
  6206 | D:8      | Noticed cdecastro's ghost (novice DEHW)
  6212 | D:8      | Found a transporter.
  6928 | D:8      | Reached XP level 10. HP: 69/76 MP: 11/13
  7100 | D:8      | Learned a level 1 spell: Apportation
  7105 | D:8      | Learned a level 4 spell: Manifold Assault
  7682 | D:9      | Reached skill level 7 in Unarmed Combat
  7762 | D:9      | Reached skill level 1 in Invocations
  8164 | D:9      | Found a staircase to the Orcish Mines.
  8226 | D:10     | Entered Level 10 of the Dungeon
  8434 | D:10     | Noticed Urug
  8445 | D:10     | Killed Urug
  8544 | D:10     | Noticed a cyclops
  8545 | D:10     | Noticed a cyclops
  8545 | D:10     | Noticed a tengu warrior
  8546 | D:10     | Noticed an ogre mage
  8611 | D:10     | Killed a tengu warrior
  8624 | D:10     | Reached XP level 11. HP: 21/90 MP: 4/14
  8647 | D:10     | Reached skill level 8 in Unarmed Combat
  8653 | D:10     | HP: 4/90 [something (7)]
  8653 | D:10     | Slain by a cyclops

Illustrated notes

Levels and vault maps discovered:
D:1:      minmay_arrival_widening_spiral_narrow, layout_basic
D:2:      layout_loops_cross, minmay_indecisive_spiral, uniq_jessica, uniq_robin
D:3:      layout_basic, amcnicky_altar_gilded, minmay_between
D:4:      layout_loops_corners, minmay_temple_entry_butterflies, uniq_edmund
D:5:      layout_basic, uniq_menkaure
D:6:      layout_gridville, nicolae_uskayaw_murder_on_the_dancefloor,
          nicolae_ossuary_entry_giza, reono_crystal_passage,
          uniq_crazy_yiuf_cottage
D:7:      minmay_inner_zag, layout_gridville, minmay_crystal_room,
          minmay_quadrilaterals, uniq_maggie
D:8:      layout_cave_pods, gammafunk_ghost_berserking_beasts
D:9:      layout_rooms, david_orc_4, enter_bailey_4
D:10:     layout_small_grid, minmay_lair_entry_grove, grunt_tough_drop,
          uniq_urug
Temple:   nicolae_temple_bog_church

Skill      XL: |  1  2  3  4  5  6  7  8  9 10 11 |
---------------+----------------------------------+-----
Throwing       | 1 2 3 4 |  4.8
Dodging        | 2 3 4 |  4.8
Fighting       | 2 3 4 |  4.8
Unarmed Combat | 3 4 5 6 7 8 |  8.0
Armour         | 1 2 3 4 |  4.2
Stealth        | 1 2 3 |  3.1
Spellcasting   | 2 3 |  3.0
Translocations | 3 4 |  4.7
Air Magic      | 1 2 3 |  3.1
Shields        | 1 2 3 |  3.5
Invocations    | 2 |  2.3

Action                     |  1- 3 |  4- 6 |  7- 9 | 10-12 || total
---------------------------+-------+-------+-------+-------++-------
  Melee: Unarmed           |   128 |   230 |   244 |   217 ||   819
         Punch             |     1 |     1 |     1 |       ||     3
  Throw: Dart              |       |     9 |     7 |     9 ||    25
 Invoke: Ancestor Life: He |       |       |     1 |       ||     1
    Use: Scroll            |       |     4 |    12 |     6 ||    22
         Potion            |       |     1 |     3 |     6 ||    10
   Stab: Sleeping          |       |     3 |     1 |     1 ||     5
         Distracted        |       |       |     2 |     3 ||     5
         Confused          |       |       |     2 |     7 ||     9
 Armour: Robe              |    49 |    83 |    41 |       ||   173
         Steam dragon scal |       |       |    58 |    89 ||   147
  Dodge: Dodged            |    68 |   115 |   109 |    74 ||   366
  Block: Kite shield       |       |       |    60 |    77 ||   137
